[Event "Titled Tuesday Blitz May 16 Late 2023"]
[White "Iturrizaga Bonelli, Eduardo"]
[Black "Gritsenko, Nikolai"]
[WhiteFideId "3901211"]
[BlackFideId "14112493"]
[WhiteElo "2637"]
[BlackElo "2389"]
[Result "1-0"]
[Round "03"]
[TimeControl "180+2"]
[Date "2023.05.16"]
[WhiteClock "0:00:56"]
[BlackClock "0:00:00"]

1. c4 e5 2. g3 Nc6 3. Bg2 g6 4. Nc3 Bg7 5. Rb1 d6 6. b4 Nh6 7. b5 Ne7 8. d3 O-O 9. a4 f5 10. e3 e4 11. d4 Be6 12. Qb3 d5 13. c5 g5 14. h4 gxh4 15. Rxh4 Ng6 16. Rh1 Ng4 17. Nh3 h6 18. Ne2 Bf7 19. Nhf4 Nxf4 20. Nxf4 Re8 21. Bh3 Kh7 22. Bd2 Re7 23. Bf1 c6 24. Be2 Nf6 25. Kd1 Qe8 26. bxc6 bxc6 27. Kc2 Ng4 28. Bxg4 fxg4 29. a5 Qd7 30. a6 Qf5 31. Bc3 Qc8 32. Qa4 Be8 33. Rb2 Rb8 34. Rhb1 Rxb2+ 35. Rxb2 h5 36. Rb7 Rxb7 37. axb7 Qxb7 38. Nxd5 Qf7 39. Nf4 Bh6 40. d5 cxd5 41. Qd4 Bxf4 42. exf4 Bb5 43. Qh8+ Kg6 44. Qe5 Bd7 45. Bd4 Bf5 46. c6 e3+ 47. Kc3 exf2 48. Bxf2 d4+ 49. Bxd4 a5 50. c7 a4 51. Kb4 Qd7 52. c8=Q 1-0


[Site "https://www.chess.com"]

[Event "Titled Tuesday Blitz May 16 Late 2023"]
[White "Sviridov, Valery"]
[Black "Kourkoulos-Arditis, Stamatis"]
[WhiteFideId "4120680"]
[BlackFideId "4221990"]
[WhiteElo "2457"]
[BlackElo "2400"]
[Result "1-0"]
[Round "03"]
[TimeControl "180+2"]
[Date "2023.05.16"]
[WhiteClock "0:01:34"]
[BlackClock "0:00:09"]

1. d4 c5 2. d5 Nf6 3. c4 d6 4. Nc3 g6 5. Nf3 Bg7 6. e4 O-O 7. h3 e6 8. Bd3 exd5 9. cxd5 Nh5 10. O-O Nd7 11. Bg5 Bf6 12. Be3 a6 13. a4 Ne5 14. Nxe5 Bxe5 15. f4 Bxc3 16. bxc3 Qe7 17. Qf3 f5 18. exf5 Bxf5 19. Bxf5 gxf5 20. Rae1 Qf7 21. c4 Nf6 22. Bc1 Ne4 23. Bb2 Rab8 24. g4 b5 25. gxf5 Nf6 26. Re6 Qg7+ 27. Kh1 Qh6 28. Rg1+ Kh8 29. Bxf6+ Rxf6 30. Qc3 Rf8 31. axb5 axb5 32. cxb5 Rf7 33. b6 Rg7 34. Rxg7 1-0


[Site "https://www.chess.com"]

[Event "Titled Tuesday Blitz May 16 Late 2023"]
[White "MKlose11"]
[Black "Kravtsiv, Martyn"]
[BlackFideId "14113147"]
[WhiteElo "2659"]
[BlackElo "2695"]
[Result "1-0"]
[Round "03"]
[TimeControl "180+2"]
[Date "2023.05.16"]
[WhiteClock "0:00:45"]
[BlackClock "0:00:00"]

1. e4 e5 2. Nf3 Nc6 3. d4 exd4 4. Bc4 Nf6 5. O-O Nxe4 6. Re1 d5 7. Bxd5 Qxd5 8. Nc3 Qh5 9. Nxe4 Be6 10. Bg5 Bd6 11. Nxd6+ cxd6 12. Bf4 Qd5 13. c3 d3 14. Re3 Qf5 15. Bg3 O-O 16. Qxd3 Qxd3 17. Rxd3 d5 18. Re1 h6 19. Nd4 Nxd4 20. Rxd4 Rfc8 21. f3 Rc6 22. Kf2 Rac8 23. Rd2 Ra6 24. a3 Rc4 25. Be5 b5 26. Bd4 Rc7 27. h4 Rac6 28. h5 a5 29. g4 Rb7 30. Rg1 Kh7 31. g5 hxg5 32. Rxg5 f6 33. Rg3 b4 34. axb4 axb4 35. Ke3 Bf7 36. Rh2 b3 37. Rg4 Re7+ 38. Kd2 Ra6 39. Rf4 Ra2 40. c4 dxc4 41. h6 gxh6 42. Rxf6 Bg6 43. Rg2 c3+ 44. Kxc3 Bc2 45. Rf8 Rc7+ 46. Kd2 1-0


[Site "https://www.chess.com"]

[Event "Titled Tuesday Blitz May 16 Late 2023"]
[White "Ravuri, Vinesh"]
[Black "Suyarov, Mukhammadzokhid"]
[WhiteFideId "45042632"]
[BlackFideId "14210495"]
[WhiteElo "2066"]
[BlackElo "2361"]
[Result "1-0"]
[Round "03"]
[TimeControl "180+2"]
[Date "2023.05.16"]
[WhiteClock "0:00:05"]
[BlackClock "0:00:07"]

1. d4 e6 2. Nc3 Nf6 3. Bf4 Bb4 4. e3 Nd5 5. Ne2 Nxf4 6. exf4 d5 7. Qd3 O-O 8. a3 Be7 9. O-O-O Nd7 10. h4 c5 11. h5 c4 12. Qe3 b5 13. h6 g6 14. f5 exf5 15. Nxd5 Bd6 16. Nec3 a6 17. Be2 Re8 18. Qd2 Rb8 19. Bf3 Bb7 20. Rhe1 Rxe1 21. Rxe1 Nf8 22. Re8 Qh4 23. g3 Qh3 24. Rxb8 Bxd5 25. Rxf8+ Bxf8 26. Nxd5 Bxh6 27. Nf4 Qf1+ 28. Bd1 c3 29. bxc3 Qc4 30. Qe3 Qa4 31. Qe8+ Bf8 32. Qe5 Qxa3+ 33. Kd2 Bd6 34. Qe8+ Bf8 35. Nd5 Qd6 36. Qe5 Qxe5 37. dxe5 Bc5 38. f4 h5 39. Be2 Bf2 40. Nc7 Bxg3 41. Ke3 Be1 42. Nxa6 Bxc3 43. Bxb5 h4 44. Kf3 Bd2 45. Nc5 Bc3 46. Nd3 Kg7 47. Ba4 f6 48. e6 Kf8 49. Bb3 Ke7 50. Kg2 g5 51. Kh3 Bd2 52. Bd5 Bc3 53. Bb3 Bd2 54. Bd5 Be3 55. c4 Kd6 56. c5+ Ke7 57. c6 Bb6 58. Nb4 Bf2 59. Bb3 g4+ 60. Kg2 Be1 61. c7 h3+ 62. Kh2 Bd2 63. c8=Q Bxf4+ 64. Kh1 Kd6 65. Qd7+ Ke5 66. Qd5# 1-0


[Site "https://www.chess.com"]

[Event "Titled Tuesday Blitz May 16 Late 2023"]
[White "Pakleza, Zbigniew"]
[Black "Maltsevskaya, Aleksandra"]
[WhiteFideId "1119290"]
[BlackFideId "24174041"]
[WhiteElo "2410"]
[BlackElo "2302"]
[Result "1-0"]
[Round "03"]
[TimeControl "180+2"]
[Date "2023.05.16"]
[WhiteClock "0:00:02"]
[BlackClock "0:00:00"]

1. d4 Nf6 2. Nf3 b6 3. Bf4 Bb7 4. e3 g6 5. h3 Bg7 6. Be2 O-O 7. O-O d6 8. Nbd2 Nbd7 9. Bh2 Ne4 10. a4 a6 11. c3 e5 12. Qb3 Qe7 13. Rfd1 Nxd2 14. Rxd2 e4 15. Ne1 Kh8 16. a5 f5 17. axb6 Nxb6 18. c4 Rab8 19. Qa3 Nd7 20. Nc2 g5 21. d5 f4 22. Bf1 Rf7 23. Nd4 Be5 24. Re1 Rg8 25. Ne6 f3 26. Bxe5+ Nxe5 27. g3 Bc8 28. c5 h5 29. cxd6 cxd6 30. Rd4 h4 31. g4 Bxe6 32. dxe6 Qxe6 33. Rxe4 Rc8 34. Rd1 Rc6 35. Red4 Rd7 36. Rd5 Kg7 37. Qa4 Rb6 38. Qd4 Rbb7 39. Bxa6 Rbc7 40. Bb5 Re7 41. Rxd6 Qf7 42. Bf1 Rc2 43. Rd5 Qf6 44. b4 1-0


[Site "https://www.chess.com"]

[Event "Titled Tuesday Blitz May 16 Late 2023"]
[White "Rodshtein, Maxim"]
[Black "Iliaguev, Nisim"]
[WhiteFideId "2806851"]
[BlackFideId "2817276"]
[WhiteElo "2555"]
[BlackElo "2241"]
[Result "1-0"]
[Round "03"]
[TimeControl "180+2"]
[Date "2023.05.16"]
[WhiteClock "0:00:37"]
[BlackClock "0:00:02"]

1. b3 e5 2. Bb2 Nc6 3. e3 Nf6 4. Nf3 d6 5. d4 exd4 6. Nxd4 Nxd4 7. Qxd4 Be7 8. c4 O-O 9. Nc3 c5 10. Qd2 Be6 11. Rd1 a6 12. Be2 Qc7 13. O-O Rad8 14. Bf3 Ng4 15. Nd5 Bxd5 16. Qxd5 Bf6 17. Bc1 Ne5 18. Qxb7 Qa5 19. Rd2 g6 20. Qd5 Kg7 21. Be4 h5 22. h3 Qb6 23. Rfd1 a5 24. f4 Nd7 25. Qc6 Qxc6 26. Bxc6 Nb8 27. Bb5 Be7 28. Bb2+ f6 29. Bc3 Rc8 30. Bxa5 Nc6 31. Bc3 Kf7 32. Kf2 Ke6 33. Kf3 Nb4 34. a3 Nc6 35. a4 Nb4 36. Bxb4 cxb4 37. a5 Ra8 38. a6 Rfb8 39. e4 Rb6 40. Rd5 g5 41. Rf5 Bd8 42. g3 Be7 43. h4 gxf4 44. gxf4 Rh8 45. Rg1 Kf7 46. Ra1 Ra8 47. Rxh5 Kg6 48. Rd5 Kh6 49. h5 Ra7 50. Kg4 Bf8 51. Ra5 Rb8 52. Ba4 Rba8 53. Bc6 Rg7+ 54. Kf5 Raa7 55. Bb7 Rg2 56. Kxf6 Rf2 57. Rf5 Rd2 58. Kf7 Bg7 59. Rg5 Bd4 60. Rg6+ Kh7 61. Rd5 1-0


[Site "https://www.chess.com"]

[Event "Titled Tuesday Blitz May 16 Late 2023"]
[White "Popilski, Gil"]
[Black "Krzyzanowski, Marcin"]
[WhiteFideId "2809060"]
[BlackFideId "1132199"]
[WhiteElo "2537"]
[BlackElo "2471"]
[Result "0-1"]
[Round "03"]
[TimeControl "180+2"]
[Date "2023.05.16"]
[WhiteClock "0:00:01"]
[BlackClock "0:01:01"]

1. e4 e5 2. Nf3 Nc6 3. Bb5 a6 4. Ba4 d6 5. O-O g6 6. Bxc6+ bxc6 7. d4 exd4 8. Qxd4 Qf6 9. e5 dxe5 10. Nxe5 Bg7 11. Rd1 Bf5 12. Nxc6 Qxd4 13. Nxd4 O-O-O 14. Be3 c5 0-1


[Site "https://www.chess.com"]

[Event "Titled Tuesday Blitz May 16 Late 2023"]
[White "Camilla_Lee"]
[Black "Quispe Arteaga, Gabriel"]
[BlackFideId "32059809"]
[WhiteElo "2628"]
[BlackElo "2274"]
[Result "0-1"]
[Round "03"]
[TimeControl "180+2"]
[Date "2023.05.16"]
[WhiteClock "0:00:00"]
[BlackClock "0:00:24"]

1. e4 c5 2. Nf3 e6 3. d4 cxd4 4. Nxd4 Nf6 5. Nc3 Nc6 6. Ndb5 Bc5 7. Bf4 O-O 8. Bd6 Bxd6 9. Nxd6 a6 10. Qd2 b5 11. f3 Qc7 12. O-O-O Bb7 13. g4 Ne5 14. Be2 b4 15. Nb1 a5 16. g5 Ne8 17. Nxb7 Qxb7 18. f4 Ng6 19. Bd3 Rc8 20. h4 Nd6 21. h5 Ne7 22. h6 g6 23. Qe3 Rfd8 24. Qd4 Ne8 25. f5 Qc7 26. fxg6 Nxg6 27. Rhf1 Qc5 28. Qxc5 Rxc5 29. Rg1 Ne5 30. Rg2 Rdc8 31. Bf1 Kf8 32. Rd4 Ke7 33. Kd1 Nd6 34. Rf2 Ng4 35. Re2 Rxg5 36. c3 Ne5 37. cxb4 axb4 38. Rxb4 Rg1 39. Rf2 Nd3 0-1


[Site "https://www.chess.com"]

[Event "Titled Tuesday Blitz May 16 Late 2023"]
[White "Bordi, Kevin"]
[Black "Fishbein, Alexander"]
[WhiteFideId "621862"]
[BlackFideId "2000377"]
[WhiteElo "2806"]
[BlackElo "2415"]
[Result "1-0"]
[Round "03"]
[TimeControl "180+2"]
[Date "2023.05.16"]
[WhiteClock "0:01:56"]
[BlackClock "0:00:23"]

1. d4 Nf6 2. Bg5 Ne4 3. Bh4 d5 4. f3 Nd6 5. Nc3 Nf5 6. Bf2 e6 7. e4 Ne7 8. Qd2 Ng6 9. O-O-O c6 10. h4 h5 11. Bd3 Nd7 12. Nge2 Be7 13. exd5 exd5 14. Bxg6 fxg6 15. Nf4 Nf8 16. Rde1 Kf7 17. Nd3 Nd7 18. Ne2 g5 19. hxg5 Bxg5 20. Be3 Bf6 21. Nef4 h4 22. Bf2 Nb6 23. Ne5+ Bxe5 24. dxe5 Bf5 25. e6+ Kg8 26. e7 Qd7 27. Bxh4 Re8 28. g4 Nc4 29. Qd4 Bh7 30. Nh5 1-0


[Site "https://www.chess.com"]

[Event "Titled Tuesday Blitz May 16 Late 2023"]
[White "Holt, Conrad"]
[Black "Saveliev, Alexei"]
[WhiteFideId "2034387"]
[BlackFideId "24128546"]
[WhiteElo "2592"]
[BlackElo "2271"]
[Result "1/2-1/2"]
[Round "03"]
[TimeControl "180+2"]
[Date "2023.05.16"]
[WhiteClock "0:00:07"]
[BlackClock "0:00:11"]

1. d4 g6 2. c4 Bg7 3. Nf3 d6 4. e4 Bg4 5. Be2 Nc6 6. Nbd2 e5 7. d5 Bxf3 8. Nxf3 Nd4 9. Nxd4 exd4 10. O-O Ne7 11. Bd3 O-O 12. Bg5 h6 13. Bd2 c5 14. Qc1 Kh7 15. Re1 Ng8 16. b4 b6 17. a4 Qc7 18. f4 Nf6 19. bxc5 bxc5 20. e5 dxe5 21. Rxe5 Ng4 22. Re4 Rfe8 23. Rb1 Rxe4 24. Bxe4 Re8 25. Bd3 Ne3 26. g3 Qd7 27. Rb5 Qg4 28. Qe1 Qf3 29. Qe2 Qxe2 30. Bxe2 Nxd5 31. Bd3 Nc3 32. Rxc5 Nxa4 33. Rc7 Nb2 34. Bf1 Kg8 35. Rxa7 d3 36. Rd7 Nxc4 37. Rxd3 Nxd2 38. Rxd2 Bf6 39. Kg2 Rd8 1/2-1/2


[Site "https://www.chess.com"]

[Event "Titled Tuesday Blitz May 16 Late 2023"]
[White "Boyer, Mahel"]
[Black "Sargsyan, Anna M."]
[WhiteFideId "45102422"]
[BlackFideId "13308130"]
[WhiteElo "2439"]
[BlackElo "2284"]
[Result "1/2-1/2"]
[Round "03"]
[TimeControl "180+2"]
[Date "2023.05.16"]
[WhiteClock "0:00:06"]
[BlackClock "0:00:05"]

1. Nf3 d5 2. c4 d4 3. g3 Nc6 4. Bg2 e5 5. O-O g6 6. e3 Bg7 7. exd4 Nxd4 8. Nxd4 Qxd4 9. d3 Ne7 10. Nc3 c6 11. Be3 Qd8 12. b4 O-O 13. b5 cxb5 14. Nxb5 Nf5 15. Bc5 Re8 16. Rb1 a6 17. Nc3 Qa5 18. Bb4 Qd8 19. Bc5 Qa5 20. Qa4 Qxa4 21. Nxa4 Rb8 22. Nc3 Bf8 23. Ne4 Bxc5 24. Nxc5 b5 25. Bc6 Rd8 26. cxb5 Nd4 27. a4 axb5 28. axb5 Bh3 29. Rfe1 Rdc8 30. Rbc1 Nxb5 31. Nd7 Bxd7 32. Bxd7 Rxc1 33. Rxc1 Nd4 34. Kg2 Rd8 35. Rc7 Kg7 36. f4 Kf6 37. Kf2 exf4 38. gxf4 Ne6 39. Bxe6 Kxe6 40. Ke3 Kf6 41. d4 h5 42. Ke4 Re8+ 43. Kd3 Re1 44. Rc6+ Kf5 45. Rc7 f6 46. Rf7 h4 47. d5 Rd1+ 48. Kc4 Rd2 49. Kc5 Rxh2 50. d6 Rc2+ 51. Kb6 Rd2 52. Kc7 h3 53. Rh7 Kxf4 54. Rxh3 g5 55. d7 g4 56. Rh6 f5 57. Rd6 Rc2+ 58. Kb7 Rb2+ 59. Ka7 Ra2+ 60. Kb7 Rb2+ 61. Kc7 Rc2+ 62. Rc6 Rd2 63. Rd6 Rc2+ 1/2-1/2


[Site "https://www.chess.com"]

[Event "Titled Tuesday Blitz May 16 Late 2023"]
[White "Makridis, Dimitrios"]
[Black "Domingo Nunez, Alejandro"]
[WhiteFideId "25864475"]
[BlackFideId "22245561"]
[WhiteElo "2277"]
[BlackElo "2291"]
[Result "1-0"]
[Round "03"]
[TimeControl "180+2"]
[Date "2023.05.16"]
[WhiteClock "0:01:28"]
[BlackClock "0:00:01"]

1. e4 g6 2. h4 Bg7 3. h5 c5 4. Nc3 Nc6 5. d3 e6 6. Nge2 Nge7 7. Bg5 h6 8. Be3 Nd4 9. hxg6 fxg6 10. Qd2 b5 11. Bxh6 Nxc2+ 12. Qxc2 Rxh6 13. Rxh6 Bxh6 14. Nxb5 Qa5+ 15. Nbc3 d5 16. Qa4+ Qxa4 17. Nxa4 c4 18. dxc4 dxe4 19. Nc5 e3 20. fxe3 Bxe3 21. Ne4 Nf5 22. g4 Bb7 23. Bg2 O-O-O 24. gxf5 gxf5 25. N2c3 fxe4 26. Bxe4 Bd2+ 27. Ke2 Bxc3 28. Bxb7+ Kxb7 29. bxc3 Kc6 30. Rb1 Kc5 31. Rb4 Rd6 32. Ke3 a5 33. Ra4 Ra6 34. Ke4 Ra8 35. Ke5 Ra6 36. a3 Ra8 37. Kxe6 Ra6+ 38. Kd7 Ra7+ 39. Kc8 Kc6 40. Kb8 Kb6 41. c5+ 1-0


[Site "https://www.chess.com"]

[Event "Titled Tuesday Blitz May 16 Late 2023"]
[White "Remizov, Yaroslav"]
[Black "Mirimanian, Hayk"]
[WhiteFideId "34134015"]
[BlackFideId "4700180"]
[WhiteElo "2400"]
[BlackElo "2280"]
[Result "1-0"]
[Round "03"]
[TimeControl "180+2"]
[Date "2023.05.16"]
[WhiteClock "0:00:24"]
[BlackClock "0:00:22"]

1. e4 c5 2. Nf3 d6 3. d4 cxd4 4. Nxd4 Nf6 5. Nc3 a6 6. Bg5 e6 7. f4 Qc7 8. Qf3 b5 9. Bxf6 gxf6 10. a3 Bb7 11. O-O-O Nd7 12. Qh5 Nc5 13. f5 O-O-O 14. fxe6 fxe6 15. Qh3 Qg7 16. Kb1 Qh6 17. Qg3 Qg5 18. Qh3 Qh6 19. Qg4 Qg5 20. Be2 h5 21. Qh3 Re8 22. b4 Nxe4 23. Nxe4 Bxe4 24. Nxe6 Qf5 25. Qc3+ Kd7 26. Nc5+ Ke7 27. Nxe4 Qxe4 28. Bxb5 axb5 29. Rhe1 Qe5 30. Qc6 Rg8 31. Rxe5+ fxe5 32. Qxd6+ Kf7 33. Qd5+ Re6 34. Rf1+ Ke7 35. Qb7+ Kd6 36. Rd1# 1-0


[Site "https://www.chess.com"]

[Event "Titled Tuesday Blitz May 16 Late 2023"]
[White "Hayrapetyan, Hovik"]
[Black "Janaszak, Dawid"]
[WhiteFideId "13302639"]
[BlackFideId "1119206"]
[WhiteElo "2348"]
[BlackElo "2220"]
[Result "1-0"]
[Round "03"]
[TimeControl "180+2"]
[Date "2023.05.16"]
[WhiteClock "0:00:04"]
[BlackClock "0:00:00"]

1. d4 d5 2. c4 e6 3. Nc3 c5 4. cxd5 cxd4 5. Qa4+ Bd7 6. Qxd4 exd5 7. Qxd5 Nc6 8. Nf3 Nf6 9. Qd1 Bc5 10. e3 Qe7 11. Be2 O-O-O 12. Bd2 g5 13. Rc1 Kb8 14. O-O h5 15. Nxg5 Rhg8 16. e4 Ng4 17. Nd5 Qf8 18. Bxg4 Bxg4 19. Qa4 f6 20. Nh7 Qg7 21. Rxc5 Bd1 22. Bf4+ Ne5 23. Bg3 Bxa4 24. Nhxf6 Rge8 25. Nxe8 Rxe8 26. Rfc1 h4 27. Nc7 hxg3 28. Nxe8 gxf2+ 29. Kf1 Qd7 30. Rc8+ Qxc8 31. Rxc8+ Kxc8 32. Nf6 Nd3 33. h4 Bb5 34. h5 Kd8 35. h6 Nf4+ 36. Kxf2 Ng6 37. g4 Ke7 38. Nd5+ Kf7 39. g5 Bc4 40. Nc3 b5 41. b3 b4 42. bxc4 bxc3 43. Ke3 Ke6 44. Kd3 Ke5 45. c5 a6 46. Kxc3 Kxe4 47. c6 Ne7 48. h7 1-0


[Site "https://www.chess.com"]

[Event "Titled Tuesday Blitz May 16 Late 2023"]
[White "Khandelwal, Ankush"]
[Black "Fernandez Guillen, Ernesto J."]
[WhiteFideId "413470"]
[BlackFideId "3512428"]
[WhiteElo "2263"]
[BlackElo "2429"]
[Result "1-0"]
[Round "03"]
[TimeControl "180+2"]
[Date "2023.05.16"]
[WhiteClock "0:00:15"]
[BlackClock "0:00:00"]

1. e4 e5 2. Nf3 Nc6 3. Bc4 g6 4. c3 Bg7 5. d4 d6 6. O-O Nge7 7. dxe5 dxe5 8. Nbd2 O-O 9. b4 a6 10. Qb3 b5 11. Be2 Bb7 12. a4 bxa4 13. Rxa4 Nc8 14. Nc4 Nb6 15. Ra2 Nxc4 16. Bxc4 a5 17. b5 a4 18. Rxa4 Na5 19. Qb4 Nxc4 20. Qxc4 Rxa4 21. Qxa4 Qd3 22. Qa5 Bxe4 23. Nd2 Ba8 24. Qxc7 Qxb5 25. f3 Qd3 26. Ne4 f5 27. Ng5 e4 28. Ba3 Rc8 29. Qxc8+ 1-0


[Site "https://www.chess.com"]

[Event "Titled Tuesday Blitz May 16 Late 2023"]
[White "Grinev, Valeriy"]
[Black "Hambleton, Aman"]
[WhiteFideId "14117517"]
[BlackFideId "2606577"]
[WhiteElo "2366"]
[BlackElo "2511"]
[Result "1-0"]
[Round "03"]
[TimeControl "180+2"]
[Date "2023.05.16"]
[WhiteClock "0:01:41"]
[BlackClock "0:00:00"]

1. d4 Nf6 2. c4 e6 3. Nc3 Bb4 4. e3 O-O 5. Bd2 b6 6. Nf3 Bb7 7. Bd3 d6 8. O-O Nbd7 9. Qc2 Re8 10. e4 e5 11. d5 Nc5 12. a3 Bxc3 13. Bxc3 h6 14. Nd2 Nxd3 15. Qxd3 Qd7 16. b4 Nh5 17. g3 Bc8 18. c5 f5 19. exf5 Qxf5 20. Qxf5 Bxf5 21. Rfe1 Nf6 22. Bb2 Nxd5 23. cxd6 cxd6 24. Nc4 Rad8 25. Rad1 Be6 26. f4 Nxb4 27. Nxd6 Re7 28. axb4 Bb3 29. Rd3 Bc2 30. Rd2 Red7 31. Rxc2 exf4 32. Nf5 fxg3 33. hxg3 Rd2 34. Rxd2 Rxd2 35. Bxg7 Rd5 36. Ne7+ 1-0


[Site "https://www.chess.com"]

[Event "Titled Tuesday Blitz May 16 Late 2023"]
[White "Trost, Edvin"]
[Black "Musovic, Armin"]
[WhiteFideId "1729519"]
[BlackFideId "939935"]
[WhiteElo "2368"]
[BlackElo "2322"]
[Result "0-1"]
[Round "03"]
[TimeControl "180+2"]
[Date "2023.05.16"]
[WhiteClock "0:00:00"]
[BlackClock "0:00:06"]

1. e4 c6 2. Nf3 d5 3. e5 c5 4. d3 Nc6 5. Qe2 Bg4 6. Bf4 e6 7. c3 Nge7 8. Nbd2 Ng6 9. Bg3 Qb6 10. Rb1 h5 11. h3 h4 12. Bh2 Bf5 13. Qe3 c4 14. Qxb6 axb6 15. a3 cxd3 16. Rd1 Na5 17. Nd4 Nc4 18. Nxf5 exf5 19. Bxd3 Nxb2 20. Bb5+ Kd8 21. Rb1 Bxa3 22. O-O Ra5 23. Be2 Na4 24. Rb3 Bc5 25. Nf3 Ke7 26. Rd1 Rd8 27. Bd3 d4 28. c4 Nc3 29. Re1 Ne4 30. g4 hxg3 31. fxg3 Rda8 32. g4 Ra3 33. Rxa3 Rxa3 34. Rd1 Nc3 35. Rd2 fxg4 36. hxg4 Ra1+ 37. Kg2 Bb4 38. Rb2 Ba5 39. Rf2 Nd1 40. Re2 Ne3+ 41. Kh3 Rh1 42. Bxg6 fxg6 43. Nxd4 Nxc4 44. e6 Bc3 45. Nb5 Be5 0-1


[Site "https://www.chess.com"]

[Event "Titled Tuesday Blitz May 16 Late 2023"]
[White "Mickiewicz, Piotr"]
[Black "Smirnov, Pavel"]
[WhiteFideId "1114891"]
[BlackFideId "4123425"]
[WhiteElo "2246"]
[BlackElo "2520"]
[Result "0-1"]
[Round "03"]
[TimeControl "180+2"]
[Date "2023.05.16"]
[WhiteClock "0:00:00"]
[BlackClock "0:00:21"]

1. c4 e6 2. g3 d5 3. Bg2 Nf6 4. Nf3 Be7 5. O-O O-O 6. b3 c5 7. cxd5 Nxd5 8. Bb2 b6 9. Nc3 Bb7 10. Rc1 Nd7 11. d3 Rc8 12. Ne4 N7f6 13. a3 Nxe4 14. dxe4 Nf6 15. e5 Nd5 16. Qc2 Qe8 17. Rfd1 h6 18. Nd2 Qb5 19. Nc4 Ba6 20. e4 Nc7 21. Nd6 Qc6 22. Nxc8 Bxc8 23. a4 Bb7 24. f3 Na6 25. Qc3 Qc8 26. Bf1 Nb4 27. Bc4 Bg5 28. f4 Be7 29. Qe3 Nc6 30. h4 Nd4 31. Kh2 Qa8 32. Re1 a6 33. Bxd4 cxd4 34. Qxd4 Bc5 35. Qd3 Rd8 36. Qf3 Rd2+ 37. Kh3 Rf2 38. Qd3 g5 39. Rc2 b5 40. axb5 axb5 41. Bxb5 Rxc2 42. Qxc2 Qa5 43. Qd3 Qxe1 44. Qd8+ Kh7 45. Qf8 Bxf8 0-1


[Site "https://www.chess.com"]

[Event "Titled Tuesday Blitz May 16 Late 2023"]
[White "Schmakel, Sam"]
[Black "Stalri"]
[WhiteFideId "2039311"]
[WhiteElo "2356"]
[BlackElo "2371"]
[Result "1-0"]
[Round "03"]
[TimeControl "180+2"]
[Date "2023.05.16"]
[WhiteClock "0:00:06"]
[BlackClock "0:00:00"]

1. d4 Nf6 2. c4 g6 3. Nc3 Bg7 4. e4 d6 5. h3 O-O 6. Be3 e5 7. d5 Na6 8. g4 Nc5 9. f3 a5 10. Nge2 c6 11. Qd2 a4 12. Ng3 cxd5 13. cxd5 h5 14. O-O-O h4 15. Nge2 Qa5 16. Kb1 b5 17. Nc1 b4 18. N3e2 Ba6 19. Bf2 Nfxe4 20. fxe4 Nxe4 21. Qe3 Nxf2 22. Qxf2 Rfc8 23. Bg2 Qc7 24. Be4 Bh6 25. Qxh4 Be3 26. Qg3 Qc5 27. Rhf1 Rc7 28. Rf3 Bh6 29. g5 Bg7 30. Qf2 Qa5 31. Rf1 Raa7 32. h4 b3 33. a3 Qd2 34. Qe3 Qa5 35. h5 Rab7 36. hxg6 fxg6 37. Bxg6 e4 38. Qxe4 Re7 39. Bf7+ Kf8 40. Be6+ Ke8 41. Qg6+ Kd8 42. Qe4 Kc7 43. Nc3 Qc5 44. Re1 Bd4 45. Rd1 Be5 46. Qe3 Qc4 47. g6 Rg7 48. Rf7+ Kb8 49. Rxg7 Rxg7 50. Qf3 Rxg6 51. Qf8+ Bc8 52. Qxc8+ Qxc8 53. Bxc8 Kxc8 54. Nxa4 Rg2 55. Nd3 Bf6 56. Nb6+ Kb7 57. Nc4 Kc7 58. Na5 1-0


[Site "https://www.chess.com"]

[Event "Titled Tuesday Blitz May 16 Late 2023"]
[White "Martinez Alcantara, Jose Eduardo"]
[Black "Matinian, Nikita"]
[WhiteFideId "3805662"]
[BlackFideId "24129100"]
[WhiteElo "2711"]
[BlackElo "2422"]
[Result "0-1"]
[Round "03"]
[TimeControl "180+2"]
[Date "2023.05.16"]
[WhiteClock "0:00:07"]
[BlackClock "0:00:04"]

1. e4 d6 2. d4 g6 3. c3 Bg7 4. Bd3 e5 5. Nf3 Nd7 6. O-O Ngf6 7. Bg5 O-O 8. Nbd2 h6 9. Bh4 b6 10. Re1 Bb7 11. h3 Qe8 12. Qc2 Nh5 13. Rad1 Nf4 14. Bc4 a6 15. Bg3 g5 16. a4 Kh8 17. Nf1 b5 18. axb5 Nb6 19. bxa6 Bc6 20. Bb3 Rxa6 21. dxe5 dxe5 22. Ne3 Nd7 23. Bd5 Nc5 24. Bxc6 Qxc6 25. Nf5 Qg6 26. Ne7 Qh5 27. b4 Nce6 28. Re3 g4 29. hxg4 Qxg4 30. Nf5 Nxg2 31. Kxg2 Nf4+ 32. Kg1 Rg6 33. Ne1 h5 34. Rd2 h4 35. Qd1 Qh3 36. Qf3 Bh6 37. Qh1 hxg3 38. fxg3 Rfg8 39. Qf3 Nh5 40. Rg2 Bxe3+ 41. Qxe3 Nf4 42. Rh2 Rxg3+ 43. Nxg3 Rxg3+ 44. Qxg3 Ne2+ 45. Rxe2 Qxg3+ 46. Kf1 Qxc3 47. Kf2 Qxb4 48. Nf3 Qc5+ 49. Kg3 f6 50. Rd2 Qe3 51. Rd8+ Kg7 52. Rd7+ Kg6 53. Rxc7 Qxe4 54. Rc8 Qf4+ 55. Kg2 e4 56. Nd4 Qd2+ 0-1


[Site "https://www.chess.com"]

[Event "Titled Tuesday Blitz May 16 Late 2023"]
[White "Rasulov, Vugar"]
[Black "Tisaj, Domen"]
[WhiteFideId "13402390"]
[BlackFideId "14628708"]
[WhiteElo "2509"]
[BlackElo "2340"]
[Result "1-0"]
[Round "03"]
[TimeControl "180+2"]
[Date "2023.05.16"]
[WhiteClock "0:01:21"]
[BlackClock "0:00:09"]

1. d4 d5 2. c4 e6 3. Nc3 Nf6 4. Bg5 Be7 5. e3 b6 6. cxd5 exd5 7. Rc1 a6 8. Nf3 Bb7 9. Bd3 O-O 10. O-O Nbd7 11. Ne5 h6 12. Bf4 Rc8 13. Bf5 Ra8 14. Qf3 c6 15. Qh3 Nxe5 16. dxe5 Ne8 17. Rfd1 Bg5 18. Bg3 Nc7 19. Ne2 Re8 20. Nd4 c5 21. Nf3 Ne6 22. Nxg5 Nxg5 23. Qg4 Qe7 24. Bf4 Ne4 25. Bxe4 dxe4 26. Rd6 Rad8 27. Rxb6 Bc8 28. Qg3 Qd7 29. Rd6 Qa4 30. Bxh6 g6 31. Rxg6+ Kh8 32. Bg7+ Kg8 33. Bf6+ Kf8 34. Rg8# 1-0


[Site "https://www.chess.com"]

[Event "Titled Tuesday Blitz May 16 Late 2023"]
[White "Grigoriants, Sergey"]
[Black "Karimov, Alisher"]
[WhiteFideId "4130804"]
[BlackFideId "14700280"]
[WhiteElo "2502"]
[BlackElo "2186"]
[Result "1-0"]
[Round "03"]
[TimeControl "180+2"]
[Date "2023.05.16"]
[WhiteClock "0:00:06"]
[BlackClock "0:00:00"]

1. d4 Nf6 2. c4 c5 3. d5 b5 4. Qc2 bxc4 5. e4 d6 6. Nf3 g6 7. Nbd2 Bg7 8. Nxc4 O-O 9. Be2 Nbd7 10. O-O Nb6 11. Nfd2 Nfd7 12. a3 Ba6 13. Re1 Nxc4 14. Nxc4 Nb6 15. Na5 Bxe2 16. Rxe2 Qd7 17. Bf4 e6 18. dxe6 fxe6 19. Be3 Rac8 20. Rd1 d5 21. Bxc5 Qb5 22. b4 Na4 23. Nb3 Nc3 24. Ree1 Nxd1 25. Rxd1 Rfd8 26. h3 Qc4 27. Qb1 dxe4 28. Re1 Qd3 29. Qa2 Qd5 30. Qb1 Qd3 31. Qa2 Qc4 32. Rc1 Qd5 33. Qb1 e3 34. fxe3 Qd3 35. Qa2 Qe4 36. Rf1 Rd5 37. Na5 Bh6 38. Nc6 Bxe3+ 39. Kh1 Bxc5 40. bxc5 Kg7 41. Ne7 Rf5 42. Qa1+ Qe5 43. Qxe5+ Rxe5 44. Nxc8 Rxc5 45. Nd6 Rc6 46. Ne4 Rc4 47. Ng5 Rc6 48. h4 h6 49. Nf3 Ra6 50. Re1 Kf6 51. Re3 Ra5 52. Kh2 e5 53. g4 e4 54. Rxe4 Rxa3 55. Kg3 a5 56. Rc4 a4 57. Rc6+ Kg7 58. Ra6 1-0


[Site "https://www.chess.com"]

[Event "Titled Tuesday Blitz May 16 Late 2023"]
[White "Al-Tarboush, Ward"]
[Black "Baskakov, Egor"]
[WhiteFideId "7601450"]
[BlackFideId "24197866"]
[WhiteElo "2265"]
[BlackElo "2225"]
[Result "1-0"]
[Round "03"]
[TimeControl "180+2"]
[Date "2023.05.16"]
[WhiteClock "0:00:11"]
[BlackClock "0:00:12"]

1. Nc3 c5 2. e4 Nc6 3. Nf3 e5 4. Bc4 d6 5. O-O h6 6. Nd5 Nf6 7. Re1 g6 8. c3 Bg7 9. d4 cxd4 10. cxd4 O-O 11. Nxf6+ Qxf6 12. d5 Nb8 13. Be3 Kh7 14. Rc1 Qe7 15. Bd3 f5 16. Qc2 f4 17. Bd2 g5 18. Qc7 Nd7 19. Bb4 Rf6 20. h3 Qf8 21. Nh2 b6 22. Ng4 Rg6 23. Bb5 Nc5 24. Bxc5 bxc5 25. Bc6 Bxg4 26. Bxa8 Bh5 27. Bc6 g4 28. Bd7 f3 29. Bf5 fxg2 30. Bxg6+ Bxg6 31. hxg4 Qf6 32. Kxg2 Qf4 33. f3 Qd2+ 34. Kg3 Qf4+ 35. Kg2 Qd2+ 36. Kg1 Qd4+ 37. Kh1 Qf2 38. Rf1 Qg3 39. Rc2 h5 40. Rh2 Kh6 41. gxh5 Bxh5 42. Qxd6+ Kg5 43. Rg2 1-0


[Site "https://www.chess.com"]